 Dungeon Crawl Stone Soup version 0.29-a0-819-g94b489e0ae (webtiles) character file.

Game seed: 17779772330692021419

104 xian the Conjurer (level 4, -6/27 HPs)
             Began as an Octopode Conjurer on July 6, 2022.
             Mangled by buhh's ghost (15 damage)
             ... on level 3 of the Dungeon.
             The game lasted 00:03:40 (2866 turns).

xian the Conjurer (Octopode Conjurer)               Turns: 2866, Time: 00:03:40

Health: -6/27      AC:  1    Str:  6    XL:     4   Next: 80%
Magic:  4/8        EV: 13    Int: 22    God:
Gold:   107        SH:  0    Dex: 10    Spells: 5/8 levels left

rFire   . . .      SeeInvis .   b - +0 short sword
rCold   . . .      Faith    .   (no shield)
rNeg    . . .      Spirit   .   (helmet restricted)
rPois   .          Reflect  .   (no amulet)
rElec   .          Harm     .   (no ring)
rCorr   .          Rampage  .   (no ring)
Will    .....                   (no ring)
Stlth   +++.......              (no ring)
HPRegen 0.09/turn               (no ring)
MPRegen 0.11/turn               (no ring)
                                (no ring)
                                (no ring)

@: lethally poisoned (-6 -> -14)
A: almost no armour, amphibious, 8 rings, camouflage 1, gelatinous body 1,
(nimble swimmer 1), tentacles
a: no special abilities


You were on level 3 of the Dungeon.
You visited 1 branch of the dungeon, and saw 3 of its levels.

You collected 107 gold pieces.

Inventory:

Hand Weapons
 b - a +0 short sword (weapon)
Missiles
 k - 6 poisoned darts
Scrolls
 d - a scroll of fog {unknown}
 f - a scroll of enchant armour {unknown}
 h - a scroll of teleportation {unknown}
 i - a scroll of fear {unknown}
 j - a scroll of identify {unknown}
 l - 2 scrolls of vulnerability {unknown}
 m - a scroll of acquirement {unknown}
 n - a scroll of blinking {unknown}
Potions
 a - a potion of magic
 c - a potion of heal wounds {unknown}
 e - a potion of curing {unknown}
 g - a potion of haste {unknown}


   Skills:
 + Level 2.0 Dodging
 + Level 3.1 Stealth
 + Level 2.8 Spellcasting
 + Level 5.3 Conjurations


You had 5 spell levels left.
You knew the following spells:

 Your Spells              Type           Power      Damage    Failure   Level
a - Magic Dart            Conj           100%       1d8       1%          1
b - Searing Ray           Conj           52%        2d6       2%          2

Your spell library contained the following spells:

 Spells                   Type           Power      Damage    Failure   Level
 Dazzling Flash           Conj/Hex       28%        N/A       13%         3
 Fulminant Prism          Conj/Hex       7%         3d7       38%         4
 Iskenderun's Mystic Bla  Conj/Tloc      14%        2d5       38%         4


Dungeon Overview and Level Annotations

Branches:
Dungeon (3/15)

Altars:
Gozag
Nemelex Xobeh

Annotations:
D:3 buhh's ghost, amateur MiFi


Innate Abilities, Weirdness & Mutations

You cannot wear most types of armour.
You are amphibious.
You can wear up to eight rings at the same time.
Your skin changes colour to match your surroundings (Stealth+).
Your rubbery body absorbs attacks. (AC +1, EV +1)
((You are camouflaged when in or above water. (Stealth+)))
You have tentacles for arms and can constrict up to eight enemies at once.


Message History

The magic dart hits the ball python!
You kill the ball python!
You can't see any susceptible monsters within range! (Use Z to cast anyway.)
Found a stone staircase leading down.
There is a stone staircase leading down here.
m - a scroll labelled MUSUOG ZEITUEM You now have 107 gold pieces (gained 11).
There is a stone staircase leading down here.
n - a scroll labelled SOZ RYTASAO The ball python hisses angrily.
You open the gate. The adder bites you.
You are poisoned.
The adder poisons you!
You feel sick. The adder bites you.
You are more poisoned.
The adder poisons you!
Casting: Magic Dart (safe; 1% risk of failure)
Confirm with . or Enter, or press ? or * to list all spells.
Aiming: Searing Ray (safe; 2% risk of failure)
Press: ? - help, Shift-Dir - straight line, f - buhh's ghost
Aim: buhh's ghost, wielding a vorpal weapon (79% to hit)
The searing ray hits the ball python!
You kill the ball python!
The searing ray hits buhh's ghost!
Buhh's ghost is lightly damaged. (Press . to maintain the ray.)
You feel sick. The adder bites you.
You are more poisoned.
The adder poisons you!
The searing ray hits buhh's ghost.
Buhh's ghost is moderately damaged.
You feel very sick. The adder bites you. Buhh's ghost barely misses you.
The adder closely misses you.
The searing ray hits buhh's ghost.
Buhh's ghost is moderately damaged.
You feel very sick. The adder misses you. Buhh's ghost hits you!
Ouch! That really hurt!
You die...

#.##.#.#.##....#.#.##.#
#.##.#.#.###.#.#.#.##.#
#......#.........#.##.#
########....#.##.##.......#
.......#.........##.##.##########
..####.##...#.#........# #.....
....##.########.....#### ##.####
....##.# ##.8.##..### #......
..#.##.# #∩$...#@.# ##..###.
<.#.##.# #8.(..SW.## #.......
.......# #∩.8_$'...# #....##.
###.#### #8..$$'...#######....##.
†...# #.[$..#.......>......##.
##..# ##.8.##..###.###........
##..###########.......###...###..
##...............................
##..######.........>..##.....##.#


You could see buhh's ghost and an adder.

Vanquished Creatures
  Jessica (D:2)
  2 adders (D:2)
  A dart slug (D:1)
  An orc (D:3)
  3 endoplasms
  5 giant cockroaches
  4 goblins
  5 hobgoblins
  4 quokkas
  10 ball pythons
  2 bats
  9 kobolds
  8 rats
55 creatures vanquished.

Notes
Turn   | Place    | Note
-------+----------+-------------------------------------------
     0 | D:1      | xian the Octopode Conjurer began the quest for the Orb.
     0 | D:1      | Reached XP level 1. HP: 11/11 MP: 3/3
   255 | D:1      | Reached XP level 2. HP: 17/17 MP: 1/5
   849 | D:1      | Reached XP level 3. HP: 15/21 MP: 1/6
  1086 | D:1      | Learned a level 2 spell: Searing Ray
  1268 | D:2      | Noticed Jessica
  1270 | D:2      | Killed Jessica
  1271 | D:2      | Reached skill level 5 in Conjurations
  1271 | D:2      | Reached XP level 4. HP: 27/27 MP: 4/7
  1820 | D:2      | Found a faded altar of an unknown god.
  2189 | D:3      | Found a runed translucent gate.
  2189 | D:3      | Found a runed translucent gate.
  2191 | D:3      | Found an opulent altar of Gozag.
  2191 | D:3      | Found a runed translucent gate.
  2195 | D:3      | Noticed buhh's ghost (amateur MiFi)
  2580 | D:3      | Found a sparkling altar of Nemelex Xobeh.
  2866 | D:3      | Mangled by buhh's ghost

Illustrated notes

Levels and vault maps discovered:
D:1:      heliophobic_arrival_dark_side_of_the_moon, layout_rooms,
          minmay_tromino_i4
D:2:      layout_loops_ring, ebering_ecumenical_altar_petrified, uniq_jessica
D:3:      layout_loops_cross, nemelex_dance_club_becter, ebering_ghost_gozag

Skill      XL: |  1  2  3 |
---------------+----------+-----
Stealth        | 3 |  3.1
Conjurations   | 5 |  5.3
Dodging        | |  2.0
Spellcasting   | |  2.8

Action                   |  1- 3 |  4- 6 || total
-------------------------+-------+-------++-------
Melee: Short sword       |     6 |       ||     6
       Constrict         |     3 |       ||     3
       Tentacles         |     3 |       ||     3
 Cast: Magic Dart        |    56 |    49 ||   105
       Searing Ray       |     1 |     1 ||     2
Dodge: Dodged            |     5 |     5 ||    10

Table legend: (Time is in decaauts)
 A = Elapsed time spent in this place.
 B = Non-inter-level travel time spent in this place.
 C = Inter-level travel time spent in this place.
 D = Time resting spent in this place.
 E = Time spent auto-exploring this place.
 F = Levels seen in this place.
 G = Mean time per level.
                   A        B        C        D        E       F      G
               +--------+--------+--------+--------+--------+-----+--------+
         Total |   2865 |   2819 |     46 |      0 |   2538 |   3 |  955.0 |
       Dungeon |   2865 |   2819 |     46 |      0 |   2538 |   3 |  955.0 |
               +--------+--------+--------+--------+--------+-----+--------+

Top non-repeatable levels by time:
     D:1: 1100 daAuts
     D:2: 906 daAuts
     D:3: 858 daAuts
